 Dungeon Crawl Stone Soup version 0.28.0-47-ge53b351184 (webtiles) character file.

Game seed: 18444055197249796319

679 firemarshallily the Magician (level 7, -3/45 HPs)
             Began as a Djinni Fire Elementalist on May 3, 2022.
             Was a Believer of Nemelex Xobeh.
             Slain by an ice beast (21 damage)
             ... on level 5 of the Dungeon.
             The game lasted 00:19:23 (5103 turns).

firemarshallily the Magician (DjFE)                 Turns: 5103, Time: 00:19:24

Health: -3/45      AC:  5    Str:  7    XL:     7   Next: 92%
Gold:   227        EV: 12    Int: 19    God:    Nemelex Xobeh [**....] SH:  0 Dex: 13

rFire   + + .      SeeInvis .   j - +1 short sword (holy)
rCold   x . .      Faith    .   (no shield)
rNeg    . . .      Spirit   .   a - +0 robe
rPois   ∞          Reflect  .   (no helmet)
rElec   .          Harm     .   s - +0 cloak
rCorr   .          Rampage  .   f - +1 pair of gloves
Will    .....                   (boots unavailable)
Stlth   ++........              (no amulet)
HPRegen 0.15/turn               (no ring)
MPRegen 0.00/turn               (no ring)

@: flying
A: sickness immunity, fire resistance 2, cold vulnerability 1, float, innate
caster, HP casting, extra vitality 1
a: Renounce Religion, Draw Escape, Draw Destruction, Draw Summoning


You were on level 5 of the Dungeon.
You worshipped Nemelex Xobeh.
Nemelex Xobeh was pleased with you.
You visited 1 branch of the dungeon, and saw 5 of its levels.

You collected 227 gold pieces.

Inventory:

Hand Weapons
 j - a +1 short sword of holy wrath (weapon)
Missiles
 e - 194 stones
Armour
 a - a +0 robe (worn)
 f - a +1 pair of gloves (worn)
 s - a +0 cloak (worn)
 t - a +0 leather armour
Magical Staves
 r - a staff of air
Scrolls
 d - 2 scrolls of immolation {unknown}
 g - a scroll of teleportation {unknown}
 i - a scroll of brand weapon {unknown}
 k - a scroll of vulnerability {unknown}
 o - 2 scrolls of identify
 p - a scroll of summoning {unknown}
 q - a scroll of amnesia {unknown}
Potions
 b - a potion of mutation {unknown}
 c - 3 potions of curing
 h - a potion of ambrosia {unknown}
 l - a potion of lignification {unknown}
 m - 2 potions of degeneration {unknown}
 n - a potion of invisibility {unknown}
 u - a potion of attraction {unknown}


   Skills:
 - Level 2.1 Dodging
 - Level 1.5 Stealth
 + Level 6.6 Spellcasting


You had one spell level left.
You knew the following spells:

 Your Spells              Type           Power      Damage    Failure   Level
a - Foxfire               Conj/Fire      100%       2x1d9     1%          1
b - Scorch                Fire           62%        2d8       1%          2
c - Conjure Flame         Conj/Fire      31%        6-21      1%          3
d - Inner Flame           Hex/Fire       31%        N/A       1%          3
e - Flame Wave            Conj/Fire      31%        2d8       7%          4
f - Shock                 Conj/Air       100%       1d9       1%          1
g - Ensorcelled Hibernat  Hex/Ice        62%        N/A       1%          2
h - Static Discharge      Conj/Air       31%        N/A       1%          2
Your spell library was empty.

Dungeon Overview and Level Annotations

Branches:
Dungeon (5/15)
 Temple: D:4-7

Altars:
Nemelex Xobeh
Okawaru

Annotations:
D:5 2 transporters, Cheops's ghost, amateur VSFi


Innate Abilities, Weirdness & Mutations

You are immune to sickness and miasma.
You are immune to poison.
Your flesh is very heat resistant. (rF++)
You are vulnerable to cold. (rC-)
You float through the air rather than walking.
You learn spells naturally, not from books.
Your magical power is your life essence.
You have superior vitality. (+4 MHP)


Message History

The black bear growls angrily.
You hit the shadow imp but do no damage.
The shadow imp is almost dead.
The shadow imp gestures at you. Pain shoots through your body!
Casting: Foxfire (safe; 1% risk of failure)
Confirm with . or Enter, or press ? or * to list all spells.
You conjure some foxfire!
The shadow imp closely misses you.
You hit the shadow imp but do no damage.
The shadow imp is almost dead.
The foxfire hits the shadow imp.
You kill the shadow imp!
The foxfire hits the ice beast but does no damage.
Casting: Foxfire (safe; 1% risk of failure)
Confirm with . or Enter, or press ? or * to list all spells.
Flames lash the ice beast.
The ice beast melts!
The ice beast is heavily wounded.
The ice beast's fire resistance burns away.
The ice beast hits you but does no damage.
Casting: Scorch (safe; 1% risk of failure)
Confirm with . or Enter, or press ? or * to list all spells.
Flames lash the black bear.
The black bear is moderately wounded.
The black bear's fire resistance burns away.
The black bear is engulfed in a cloud of scalding steam.
The ice beast hits you but does no damage.
Casting: Scorch (safe; 1% risk of failure)
Confirm with . or Enter, or press ? or * to list all spells.
Flames lash the black bear.
The black bear is burned terribly!
The black bear is almost dead.
The black bear goes berserk!
The ice beast hits you but does no damage.
Unknown command.
Casting: Scorch (safe; 1% risk of failure)
Confirm with . or Enter, or press ? or * to list all spells.
Flames lash the black bear.
The black bear is burned terribly!
You kill the black bear!
The ice beast hits you. The ice beast freezes you!!
You feel a terrible chill!
You die...
Your body disappears without a glow.

#.# #.#
#.######.##
#.........#
#.#########
#.## #..# ##.#
.###########.#
...!...@.....#
.#..###Y###..#
.§†§ #..#
#.§†§.#§§#
...§§⌠....#
#.#.§⌠".#..#
...#.....#...
.# ###.#####.


You could see an ice beast (combustible).

Vanquished Creatures
  A steam dragon (D:4)
  A black bear (D:5)
  A necrophage (D:3)
  An ogre (D:4)
  A scorpion (D:4)
  A hound (D:4)
  An iguana (D:5)
  A bullfrog skeleton (D:5)
  Terence (D:2)
  Robin (D:2)
  A hound skeleton (D:5)
  6 adders
  A shadow imp (D:5)
  An ufetubus (D:5)
  3 worms
  4 dart slugs
  6 orcs
  7 ball pythons
  6 bats
  5 endoplasms
  2 giant cockroaches
  17 goblins
  7 hobgoblins
  8 jackals
  9 kobolds
  5 quokkas
  A frilled lizard (D:3)
  10 rats
109 creatures vanquished.

Vanquished Creatures (others)
  384 foxfires
384 creatures vanquished.

Grand Total: 493 creatures vanquished

Notes
Turn   | Place    | Note
-------+----------+-------------------------------------------
     0 | D:1      | firemarshallily the Djinni Fire Elementalist began the
                  | quest for the Orb.
     0 | D:1      | Reached XP level 1. HP: 15/15 MP: 0/0
   249 | D:1      | Reached XP level 2. HP: 17/21 MP: 0/0
   468 | D:1      | Reached skill level 3 in Spellcasting
  1109 | D:1      | Reached XP level 3. HP: 23/25 MP: 0/0
  1109 | D:1      | Learned a level 1 spell: Shock
  1567 | D:2      | Noticed Robin
  1575 | D:2      | Killed Robin
  1576 | D:2      | Reached XP level 4. HP: 14/31 MP: 0/0
  1894 | D:2      | Noticed Terence
  1902 | D:2      | Killed Terence
  1903 | D:2      | Reached skill level 4 in Spellcasting
  1903 | D:2      | Reached XP level 5. HP: 23/35 MP: 0/0
  1903 | D:2      | Learned a level 2 spell: Ensorcelled Hibernation
  3192 | D:3      | Found a faded altar of an unknown god.
  3215 | D:3      | Noticed a necrophage
  3222 | D:3      | Killed a necrophage
  3223 | D:3      | Reached skill level 5 in Spellcasting
  3223 | D:3      | Reached XP level 6. HP: 13/40 MP: 0/0
  3503 | D:3      | Prayed at the altar of an unknown god.
  3503 | D:3      | Became a worshipper of Nemelex Xobeh the Trickster
  3503 | D:3      | Reached * piety under Nemelex Xobeh
  3503 | D:3      | Received a gift from Nemelex Xobeh
  4106 | D:4      | Received a gift from Nemelex Xobeh
  4135 | D:4      | Noticed a steam dragon
  4204 | D:4      | Killed a steam dragon
  4205 | D:4      | Reached XP level 7. HP: 25/45 MP: 0/0
  4205 | D:4      | Learned a level 2 spell: Static Discharge
  4473 | D:4      | Reached skill level 6 in Spellcasting
  4533 | D:4      | Reached ** piety under Nemelex Xobeh
  4749 | D:4      | Found an iron altar of Okawaru.
  4912 | D:5      | Entered Level 5 of the Dungeon
  4940 | D:5      | Found a transporter.
  4947 | D:5      | Found a transporter.
  4949 | D:5      | Noticed Cheops's ghost (amateur VSFi)
  4994 | D:5      | Received a gift from Nemelex Xobeh
  5103 | D:5      | Slain by an ice beast

Illustrated notes

Levels and vault maps discovered:
D:1:      nicolae_arrival_memento_mori, layout_loops_corners,
          kennysheep_pointless_box
D:2:      layout_loops_ring, uniq_robin, uniq_terence, uniq_crazy_yiuf_cottage
D:3:      kb_forest_paths, layout_basic, basic_ecumenical_altar,
          amcnicky_mini_corridor_feature
D:4:      layout_cave_pools, marbit_many_paths
D:5:      layout_basic, gammafunk_ghost_mausoleum, minmay_chambers_of_fives

Skill      XL: |  1  2  3  4  5  6  7 |
---------------+----------------------+-----
Spellcasting   | 3 4 5 6 |  6.6
Dodging        | |  2.1
Stealth        | |  1.5

Action                   |  1- 3 |  4- 6 |  7- 9 || total
-------------------------+-------+-------+-------++-------
Melee: Unarmed           |     1 |       |       ||     1
       Short sword       |     1 |    17 |    19 ||    37
 Cast: Foxfire           |    67 |   129 |    31 ||   227
       Scorch            |     1 |     8 |     8 ||    17
  Use: Scroll            |       |     2 |       ||     2
Armor: Robe              |     2 |     6 |     7 ||    15
Dodge: Dodged            |     7 |    13 |    10 ||    30
